 Dungeon Crawl Stone Soup version 0.30.1-9-gdf580d7c3d (webtiles) character file.

Game seed: 8360145536226867784

13360 Chiseanne the Fighter (level 11, -9/90 HPs)
             Began as a Demonspawn Wanderer on Oct 7, 2023.
             Was an Initiate of Gozag.
             Mangled by an ettin simulacrum (25 damage)
             ... led by a necromancer
             ... on level 1 of the Orcish Mines.
             The game lasted 00:33:24 (12245 turns).

Chiseanne the Fighter (Demonspawn Wanderer)        Turns: 12245, Time: 00:33:24

Health: -9/90      AC: 14    Str:  8    XL:     11   Next: 74%
Magic:  32/32      EV: 16    Int: 18    God:    Gozag
Gold:   1288       SH: 14    Dex: 23    Spells: 27/27 levels left

rFire   . . .        s - +2 short sword (venom)
rCold   . . .        g - +1 kite shield
rNeg    . . .        b - +1 leather armour of the Endless Expanse {+Inv Will+ Int-4 Dex+3}
rPois   .            t - +2 helmet
rElec   .            q - +1 cloak of Das Kioso {+Inv MP+9 Dex+3}
rCorr   .            B - +0 pair of gloves of Yteim {Int+4}
SInv    .            i - +0 pair of boots
Will    +....        (no amulet)
Stlth   +            (no ring)
HPRegen 0.35/turn    (no ring)
MPRegen 0.23/turn

%: no passive effects
@: silenced
A: icy blue scales 2, spiny 1
a: Renounce Religion, Evoke Invisibility


You were on level 1 of the Orcish Mines.
You worshipped Gozag.
Gozag was most pleased with you.
You visited 3 branches of the dungeon, and saw 14 of its levels.

You collected 2562 gold pieces.
You spent 646 gold pieces at shops.
You paid 628 gold pieces to Gozag.

Inventory:

Hand Weapons
 a - a +5 scimitar of flaming
 n - a +0 short sword of electrocution
 s - a +2 short sword of venom (weapon)
Missiles
 f - 10 boomerangs
 l - 146 stones
 o - 44 poisoned darts (quivered)
 w - a throwing net
 E - 3 curare-tipped darts
Armour
 b - the +1 leather armour of the Endless Expanse (worn) {+Inv Will+ Int-4 Dex+3}
   (You found it on level 2 of the Dungeon)

   Int:       It affects your intelligence (-4).
   Dex:       It affects your dexterity (+3).
   +Inv:      It lets you turn invisible.
   Will:      It increases your willpower.
 c - a +0 hat of willpower
 e - a scarf of repulsion
 g - a +1 kite shield (worn)
 h - a scarf of resistance
 i - a +0 pair of boots (worn)
 q - the +1 cloak of Das Kioso (worn) {+Inv MP+9 Dex+3}
   (You bought it in a shop on level 8 of the Dungeon)

   Dex:       It affects your dexterity (+3).
   MP:        It affects your magic capacity (+9).
   +Inv:      It lets you turn invisible.
 t - a +2 helmet (worn)
 B - the +0 pair of gloves of Yteim (worn) {Int+4}
   (You bought it in a shop on level 8 of the Dungeon)

   Int:       It affects your intelligence (+4).
Wands
 m - a wand of digging (5)
Scrolls
 d - 2 scrolls of magic mapping
 p - 6 scrolls of teleportation
 r - 2 scrolls of identify
 y - 2 scrolls of brand weapon
 D - a scroll of immolation
 F - a scroll of silence
Potions
 j - 3 potions of curing
 k - 2 potions of brilliance
 u - 3 potions of mutation
 v - 2 potions of heal wounds
 x - 5 potions of ambrosia
 C - 2 potions of flight


   Skills:
 * Level 9.6 Fighting
 - Level 3.6 Long Blades
 * Level 8.9 Dodging
 * Level 8.9 Shields
 * Level 8.8 Spellcasting
 - Level 2.0 Summonings


You had 27 spell levels left.
You didn't know any spells.
Your spell library contained the following spells:

 Spells                   Type           Power      Damage    Failure   Level
 Summon Small Mammal      Summ           60%        N/A       22%         1
 Call Canine Familiar     Summ           15%        N/A       54%         3
 Cigotuvi's Dreadful Rot  Necr/Pois/Air  14%        N/A       58%         2
 Ensorcelled Hibernation  Hex/Ice        14%        N/A       58%         2
 Dazzling Flash           Conj/Hex       14%        N/A       83%         3
 Spider Form              Tmut/Pois      7%         N/A       83%         3
 Stone Arrow              Conj/Erth      14%        3d7       83%         3
 Vhi's Electric Charge    Tloc/Air       14%        N/A       83%         3
 Volatile Blastmotes      Fire/Tloc      14%        2d11      83%         3
 Animate Armour           Summ/Erth      22%        N/A       97%         4
 Anguish                  Hex/Necr       3%         N/A       99%         4
 Dispel Undead            Necr           7%         3d8       99%         4
 Iskenderun's Mystic Bla  Conj/Tloc      7%         2d4       99%         4
 Arcjolt                  Conj/Air       3%         1d13      100%        5
 Death Channel            Necr           3%         N/A       100%        6
 Plasma Beam              Fire/Air       3%         2x1d15    100%        6
 Starburst                Conj/Fire      3%         6d3       100%        6
 Lehudib's Crystal Spear  Conj/Erth      3%         10d3      100%        8


Dungeon Overview and Level Annotations

Branches:
Dungeon (12/15)            Temple (1/1) D:5            Lair (0/5) D:9
    Orc (1/2) D:10

Altars:
Cheibriados
Fedhas
Gozag
Hepliaklqana
Makhleb
Okawaru
Sif Muna
Uskayaw
Xom

Shops:
D:8 [

Annotations:
D:9 4 transporters
D:10 4 transporters


Innate Abilities, Weirdness & Mutations

You are mostly covered in icy blue scales. (AC +3)
You are partially covered in sharp spines.


Message History

There is an open gate here.
The orc shouts!
A necromancer comes into view. It is wielding a +0 dagger.
A troll skeleton, an orc warrior skeleton and a cyclops simulacrum come into view.
Okay, then.
Okay, then.
Okay, then.
An ogre simulacrum and an ettin simulacrum come into view.
Found 24 gold pieces.
The necromancer shouts!
A necromancer comes into view. It is wielding a +0 dagger.
As you read the scroll of silence, it crumbles to dust.
A profound silence engulfs you.
An ettin zombie and an orc priest zombie come into view.
An orc sorcerer zombie comes into view.
A necromancer comes into view. It is wielding a +0 dagger.
An orc warrior simulacrum comes into view.
You block the necromancer's attack.
The orc warrior skeleton completely misses you.
You hit the necromancer but do no damage.
The necromancer is poisoned.
You block the necromancer's attack.
The orc warrior skeleton barely misses you.
A cyclops simulacrum comes into view.
You hit the necromancer.
The necromancer looks as sick as possible!
The necromancer is lightly wounded.
You block the necromancer's attack. The ettin simulacrum hits you!
The ettin simulacrum freezes you! The ettin simulacrum hits you!!
The ettin simulacrum freezes you!
You block the orc warrior skeleton's attack.
You hit the necromancer but do no damage.
The necromancer looks as sick as possible!
The necromancer is lightly wounded.
The necromancer misses you.
The ettin simulacrum is struck by your spines.
The ettin simulacrum barely misses you. The ettin simulacrum hits you!
* * * LOW HITPOINT WARNING * * *
The ettin simulacrum freezes you!!
You die...
Your body crumbles into a pile of gold.

.)..............
')............+### Z...
#)............ ..## .Z.#
######...######oo. ≈Z...
#≈≈≈≈#'''#≈≈≈≈##o##≈pZ.#
$
≈≈..≈8...8≈..≈≈###ZZZ...
≈.............≈≈≈≈≈.....
.................ZZ.....
................@pZ.....
......#####...##.p......
#.#..## ##............
.#...# ##...........
##...# #...........
###.... ##.#........
..... .#.........
.##..#.# .. .........
..# ......


You could see 3 necromancers, an orc warrior, an orc warrior simulacrum, an ogre
simulacrum, 2 cyclops simulacra, an ettin simulacrum, 2 orcs, an orc priest
zombie, an orc sorcerer zombie, an ettin zombie, an orc warrior skeleton and a
troll skeleton.

Vanquished Creatures
  Gastronok (D:12)
  Snorg (D:11)
  Erica (D:8)
  3 two-headed ogres
  2 manticores (D:11)
  Maurice (Orc:1)
  A gargoyle (D:11)
  A komodo dragon (D:12)
  2 trolls
  Prince Ribbit (D:9)
  A hornet (D:10)
  A slime creature (D:11)
  2 shadows
  2 wyverns
  3 yaks (D:11)
  Grum (D:8)
  A steam dragon (D:7)
  A water moccasin (D:6)
  3 sky beasts
  An ice beast (D:7)
  4 orc warriors
  2 black bears (D:9)
  2 ogres
  3 wolves (D:8)
  8 centaurs
  A phantom (D:4)
  5 kobold brigands
  5 bullfrogs
  4 gnoll sergeants
  4 scorpions
  4 wights (D:7)
  9 killer bees
  An electric eel (D:6)
  2 howler monkeys
  7 orc priests
  4 hounds
  3 jellies
  5 iguanas
  6 orc wizards
  Natasha (twice) (D:3)
  3 sleepcaps
  32 gnolls
  6 adders
  3 shadow imps
  2 white imps
  2 ufetubi
  A worm (D:3)
  40 orcs
  6 bats
  6 endoplasms
  2 giant cockroaches (D:3)
  6 goblins
  6 hobgoblins
  35 kobolds
  3 quokkas
  3 ball pythons
  4 rats
271 creatures vanquished.

Vanquished Creatures (collateral kills)
  An adder (D:2)
  A bat (D:3)
  A goblin (D:3)
  A ball python (D:1)
  A frilled lizard (D:3)
5 creatures vanquished.

Grand Total: 276 creatures vanquished

Notes
Turn   | Place    | Note
-------+----------+-------------------------------------------
     0 | D:1      | Chiseanne the Demonspawn Wanderer began the quest for the
                  | Orb.
     0 | D:1      | Chiseanne set off with the following items: a +0 long
                  | sword, a +0 buckler, a potion of berserk rage, a +0 robe;
                  | and the following spell memorised: Summon Small Mammal; and
                  | the following spells available to memorise: Call Canine
                  | Familiar.
     0 | D:1      | Reached XP level 1. HP: 15/15 MP: 2/2
   214 | D:1      | Gained mutation: You are partially covered in icy blue
                  | scales. (AC +2) [demonic ancestry]
   214 | D:1      | Reached XP level 2. HP: 21/21 MP: 3/3
   912 | D:2      | Reached XP level 3. HP: 26/27 MP: 4/4
  1139 | D:2      | Identified the +1 leather armour of the Endless Expanse
                  | {+Inv Will+ Int-4 Dex+3}
  1189 | D:3      | Noticed Natasha
  1191 | D:3      | Killed Natasha
  1192 | D:3      | Reached skill level 2 in Fighting
  1231 | D:3      | Noticed Natasha
  1371 | D:3      | Gained mutation: You are mostly covered in icy blue scales.
                  | (AC +3) [demonic ancestry]
  1371 | D:3      | Reached XP level 4. HP: 26/33 MP: 6/6
  2046 | D:3      | Killed Natasha
  2421 | D:4      | Noticed a phantom
  2459 | D:4      | Killed a phantom
  2460 | D:4      | Reached XP level 5. HP: 22/40 MP: 8/8
  2623 | D:4      | Reached skill level 3 in Fighting
  2623 | D:4      | Reached XP level 6. HP: 12/47 MP: 9/9
  3048 | D:5      | Entered Level 5 of the Dungeon
  3161 | D:5      | Found a staircase to the Ecumenical Temple.
  3169 | Temple   | Entered the Ecumenical Temple
  3191 | Temple   | Became a worshipper of Gozag Ym Sagoz the Greedy
  3227 | D:5      | Reached XP level 7. HP: 53/53 MP: 11/11
  3301 | D:5      | Reached skill level 4 in Fighting
  3660 | D:5      | Found a faded altar of an unknown god.
  3660 | D:5      | Found a snail-covered altar of Cheibriados.
  3668 | D:5      | Found a faded altar of an unknown god.
  3670 | D:5      | Found a shimmering blue altar of Sif Muna.
  3671 | D:5      | Found a hide-covered altar of Uskayaw.
  4452 | D:6      | Reached XP level 8. HP: 20/61 MP: 14/14
  4618 | D:6      | Found a burning altar of Makhleb.
  4653 | D:6      | Found a hazy altar of Hepliaklqana.
  4933 | D:6      | Reached skill level 5 in Fighting
  5425 | D:6      | Reached skill level 5 in Shields
  5474 | D:6      | Reached skill level 5 in Dodging
  5474 | D:6      | Reached skill level 5 in Spellcasting
  6271 | D:7      | Reached XP level 9. HP: 69/69 MP: 16/16
  6307 | D:7      | Found a blossoming altar of Fedhas.
  6471 | D:7      | Reached skill level 6 in Fighting
  7153 | D:8      | Bought a slimy cloak for 323 gold pieces
  7153 | D:8      | Identified the +1 cloak of Das Kioso {+Inv MP+9 Dex+3} (You
                  | bought it in a shop on level 8 of the Dungeon)
  7153 | D:8      | Bought a pair of scorched gloves for 323 gold pieces
  7153 | D:8      | Identified the +0 pair of gloves of Yteim {Int+4} (You
                  | bought it in a shop on level 8 of the Dungeon)
  7634 | D:8      | Noticed Erica
  7646 | D:8      | Killed Erica
  7647 | D:8      | Reached skill level 7 in Fighting
  7913 | D:8      | Noticed Grum
  7920 | D:8      | Killed Grum
  7921 | D:8      | Gained mutation: You are partially covered in sharp spines.
                  | [demonic ancestry]
  7921 | D:8      | Reached XP level 10. HP: 60/79 MP: 19/19
  8330 | D:9      | Noticed Prince Ribbit
  8573 | D:9      | Killed Prince Ribbit
  8614 | D:9      | Found a transporter.
  8616 | D:9      | Found a transporter.
  8618 | D:9      | Found a transporter.
  8634 | D:9      | Found a transporter.
  8766 | D:9      | Found a staircase to the Lair.
  8817 | D:9      | Identified a scroll of acquirement
  8817 | D:9      | Acquired a book of Armaments
  9208 | D:10     | Entered Level 10 of the Dungeon
  9239 | D:10     | Found a transporter.
  9241 | D:10     | Found a transporter.
  9245 | D:10     | Found a transporter.
  9275 | D:10     | Found a transporter.
  9329 | D:10     | Reached skill level 8 in Fighting
  9498 | D:10     | Noticed a two-headed ogre
  9510 | D:10     | Killed a two-headed ogre
  9936 | D:10     | Found a staircase to the Orcish Mines.
 10024 | D:11     | Noticed Snorg
 10044 | D:11     | Killed Snorg
 10275 | D:11     | Noticed a manticore
 10288 | D:11     | Killed a manticore
 10289 | D:11     | Reached XP level 11. HP: 61/87 MP: 22/22
 10607 | D:11     | Noticed a two-headed ogre
 10617 | D:11     | Killed a two-headed ogre
 10915 | D:11     | Reached skill level 9 in Fighting
 11127 | D:11     | Noticed a two-headed ogre
 11144 | D:11     | Killed a two-headed ogre
 11272 | D:12     | Noticed Gastronok
 11359 | D:12     | Killed Gastronok
 11609 | Orc:1    | Entered Level 1 of the Orcish Mines
 11882 | Orc:1    | Noticed Maurice
 12074 | Orc:1    | Killed Maurice
 12227 | Orc:1    | Noticed a necromancer
 12239 | Orc:1    | Noticed a necromancer
 12241 | Orc:1    | Noticed a necromancer
 12245 | Orc:1    | Mangled by an ettin simulacrum

Illustrated notes

Levels and vault maps discovered:
D:1:      sevenhm_arrival_forest_fort_small_3, layout_basic, serial_rivers,
          chequers_serial_rivers_marsh, chequers_serial_rivers_room_a,
          chequers_serial_rivers_micro_d, chequers_serial_rivers_marsh,
          chequers_serial_rivers_marsh, chequers_serial_rivers_small_b
D:2:      layout_loops_ring
D:3:      layout_loops_ring, wad_rectangle_vault, uniq_natasha
D:4:      layout_rooms
D:5:      layout_basic, chequers_temple_overflow_minitemple,
          minmay_temple_entry_water_ring
D:6:      minmay_goblin_kobold_castle, layout_rooms,
          gammafunk_temple_overflow_forgotten
D:7:      layout_loops_ring, fedhas_altar_4
D:8:      layout_basic, uniq_erica, uniq_grum
D:9:      layout_rooms, due_lair_maze_entry_diamond, nicolae_diode_quadrants,
          uniq_prince_ribbit1
D:10:     layout_loops_ring, orc_0_dummy, nicolae_transporter_circle
D:11:     layout_roguey, uniq_snorg
D:12:     layout_irregular_city, uniq_sonja, uniq_gastronok
Temple:   bh_familiar_temple
Orc:1:    dreamdust_under_siege, layout_caves, serial_shops, shop,
          lemuel_statue_altar, abandoned_shop, uniq_maurice

Skill      XL: |  1  2  3  4  5  6  7  8  9 10 11 |
---------------+----------------------------------+-----
Fighting       | 2 3 4 5 7 8 9 |  9.6
Shields        | 2 3 4 5 6 7 8 |  8.9
Dodging        | 2 3 4 5 6 7 8 |  8.9
Spellcasting   | 2 3 4 5 6 7 8 |  8.8
Long Blades    | |  3.6
Summonings     | |  2.0

Action                     |  1- 3 |  4- 6 |  7- 9 | 10-12 || total
---------------------------+-------+-------+-------+-------++-------
  Melee: Long sword        |    46 |    44 |    50 |       ||   140
         Short sword       |       |    76 |   448 |    73 ||   597
         Dagger            |       |     6 |       |       ||     6
         Scimitar          |       |       |     5 |   179 ||   184
         Unarmed           |       |       |       |     1 ||     1
  Throw: Stone             |       |     6 |    19 |       ||    25
         Throwing net      |       |       |     1 |       ||     1
         Dart              |       |       |       |    30 ||    30
   Cast: Summon Small Mamm |    11 |     1 |       |       ||    12
 Invoke: Call Merchant     |       |       |     1 |       ||     1
  Evoke: Wand              |       |     5 |     7 |     6 ||    18
    Use: Scroll            |     3 |    13 |     6 |     6 ||    28
         Potion            |       |     4 |    11 |     8 ||    23
   Stab: Sleeping          |     1 |     3 |     2 |     2 ||     8
         Paralysed         |       |       |     3 |       ||     3
         Distracted        |       |       |     1 |       ||     1
         Invisible         |       |       |       |     2 ||     2
 Armour: Robe              |     8 |       |       |       ||     8
         Leather armour    |     9 |    39 |   172 |   104 ||   324
         Skin              |       |    64 |    22 |       ||    86
  Dodge: Dodged            |    32 |    54 |   283 |   196 ||   565
  Block: Buckler           |     7 |    29 |    20 |       ||    56
         Kite shield       |       |       |   287 |   229 ||   516
